AoeStats
← Tanana

African Clearing

506892015Analyzed
4v4 RM · 16d ago on Sep 15, 2026· 55m 19s· 8 players
Game mode
Random Map
Map size
Large (8 player)
Population
200
Speed
Normal
Resources
Standard
Victory
Conquest
Starting age
Dark Age
Ending age
Imperial Age
RankedLock teamsTeams togetherTeam positionsShared explorationLock speedFull tech treeHidden civsTurbo modeCheats
Victory
Defeat
🇩🇪 Berbers · Germany
1395
+12
🇩🇪 Persians · Germany
1328
+15
🇩🇪 Vietnamese · Germany
1327
+15
🇩🇪 Magyars · Germany
1324
+15
🇺🇸 Vietnamese · United States
1336
-15
🇨🇭 Chinese · Switzerland
1320
-15
🇮🇳 Bulgarians · India
1289
-14
🇩🇪 Koreans · Germany
1264
-13
Zaramot
9:36 Loom
15:38 Feudal Age
20:31 Castle Age
25:06 Fletching
25:46 Bodkin Arrow
34:41 Double-Bit Axe
37:08 Wheelbarrow
37:15 Bow Saw
38:17 Gold Mining
38:37 Horse Collar
39:36 Heavy Plow
44:18 Imperial Age
42:44 Ballistics
43:53 Gold Shaft Mining
43:51 Murder Holes
43:37 Treadmill Crane
45:28 Conscription
46:35 Two-Man Saw
45:39 Town Watch
47:29 Chemistry
46:50 Elite War Wagon
47:55 Bracer
49:25 Fortified Wall
49:26 Masonry
50:48 Hand Cart
50:25 Stone Mining
51:41 Architecture
51:49 Town Patrol
51:54 Heavy Rocket Cart
Geronimo
2:41 Loom
13:20 Feudal Age
14:10 Double-Bit Axe
16:54 Castle Age
14:50 Horse Collar
18:03 Wheelbarrow
19:42 Town Watch
20:07 Scale Barding Armor
20:13 Forging
22:49 Squires
24:20 Chain Barding Armor
29:11 Fletching
30:14 Hand Cart
31:25 Arson
33:19 Bodkin Arrow
34:00 Iron Casting
38:32 Imperial Age
38:53 Bow Saw
38:47 Heavy Plow
38:40 Capped Ram
39:33 Heavy Scorpion
39:53 Siege Ram
39:58 Elite Fire Lancer
41:20 Plate Barding Armor
42:18 Chemistry
41:29 Masonry
IamBritt
6:05 Loom
13:36 Feudal Age
17:48 Castle Age
15:39 Double-Bit Axe
16:45 Fletching
18:46 Bow Saw
19:16 Bodkin Arrow
24:36 Padded Archer Armor
28:16 Ballistics
31:21 Bloodlines
32:13 Gold Mining
37:02 Horse Collar
39:44 Heavy Plow
40:57 Wheelbarrow
41:22 Thumb Ring
42:53 Leather Archer Armor
46:24 Imperial Age
45:04 Stone Mining
45:55 Hand Cart
48:10 Paper Money
50:17 Bracer
51:43 Ring Archer Armor
AztecKiller2427
4:18 Loom
12:51 Feudal Age
15:50 Scale Barding Armor
15:56 Forging
24:03 Castle Age
22:30 Horse Collar
22:39 Double-Bit Axe
24:16 Light Cavalry
25:07 Bloodlines
24:57 Husbandry
26:32 Husbandry
30:16 Pikeman
31:57 Heavy Plow
32:35 Squires
33:46 Arson
34:19 Scale Mail Armor
34:36 Arson
36:30 Chain Mail Armor
36:03 Town Watch
37:15 Wheelbarrow
37:34 Fletching
38:20 Iron Casting
38:29 Hand Cart
40:16 Bow Saw
43:44 Imperial Age
41:40 Bodkin Arrow
42:05 Chain Barding Armor
43:48 Capped Ram
44:21 Halberdier
46:47 Heavy Scorpion
48:07 Siege Ram
52:12 Siege Engineers
Fürst Zono
3:12 Loom
11:31 Feudal Age
13:32 Double-Bit Axe
17:46 Horse Collar
18:47 Wheelbarrow
23:47 Castle Age
26:38 Bloodlines
26:28 Husbandry
27:05 Hand Cart
27:41 Bow Saw
27:38 Town Watch
30:13 Fletching
33:04 Bodkin Arrow
35:39 Padded Archer Armor
36:10 Ballistics
36:59 Leather Archer Armor
38:39 Heavy Plow
42:02 Imperial Age
39:33 Gold Mining
42:47 Bracer
43:48 Chemistry
44:09 Coinage
44:45 Ring Archer Armor
44:20 Scale Barding Armor
44:26 Forging
44:42 Conscription
44:22 Maghrebi Camels
43:43 Elite Camel Archer
44:29 Light Cavalry
45:47 Banking
45:37 Hussar
46:46 Chain Barding Armor
51:58 Plate Barding Armor
54:35 Thumb Ring
54:41 Stone Mining
55:27 Gold Shaft Mining
I still love Koreans
6:54 Loom
12:14 Feudal Age
15:36 Scale Barding Armor
20:05 Wheelbarrow
23:23 Castle Age
22:18 Bloodlines
22:23 Scale Mail Armor
23:08 Fletching
23:20 Double-Bit Axe
23:17 Horse Collar
26:24 Town Watch
34:17 Town Watch
37:23 Hand Cart
38:07 Bow Saw
42:08 Imperial Age
40:13 Thumb Ring
40:20 Heavy Plow
40:49 Ballistics
41:06 Bodkin Arrow
41:13 Padded Archer Armor
43:17 Parthian Tactics
42:59 Bracer
44:04 Chemistry
43:45 Leather Archer Armor
43:57 Gold Mining
44:23 Husbandry
45:29 Two-Man Saw
45:21 Ring Archer Armor
44:45 Guard Tower
45:05 Masonry
44:54 Heavy Cavalry Archer
46:45 Light Cavalry
47:46 Chain Barding Armor
47:55 Elite Genitour
51:52 Plate Barding Armor
52:08 Coinage
52:22 Chain Mail Armor
52:55 Gold Shaft Mining
52:10 Stone Mining
51:44 Capped Ram
52:56 Conscription
52:48 Recurve Bow
52:27 Hussar
53:25 Cavalier
54:15 Elite Magyar Huszar
I still hate Goths
6:00 Loom
12:49 Feudal Age
16:14 Castle Age
14:32 Double-Bit Axe
16:35 Scale Barding Armor
17:07 Horse Collar
23:10 Fletching
26:01 Bloodlines
26:58 Husbandry
27:51 Chain Barding Armor
29:03 Forging
31:20 Gold Mining
35:43 Imperial Age
34:59 Wheelbarrow
36:40 Plate Barding Armor
37:26 Iron Casting
36:48 Bodkin Arrow
37:49 Cavalier
39:33 Conscription
39:29 Light Cavalry
43:30 Iron Casting
44:53 Savar
51:20 Hand Cart
53:33 Hussar
56:40 Blast Furnace
Tanana
5:11 Loom
14:08 Feudal Age
17:57 Castle Age
16:04 Double-Bit Axe
16:00 Horse Collar
17:06 Fletching
19:05 Bow Saw
24:41 Bodkin Arrow
24:49 Crossbowman
27:51 Padded Archer Armor
28:31 Ballistics
30:19 Leather Archer Armor
33:44 Thumb Ring
44:26 Imperial Age
46:59 Bracer
48:02 Elite Skirmisher
50:07 Ring Archer Armor
54:19 Imperial Skirmisher
Connection lost

Rejoining the realm…

Still unreachable

The connection could not be restored.

Session expired

The server has moved on; the page needs a fresh start.